 Dungeon Sprint DCSS version 0.31-a0-18-gea43df2a32 (webtiles) character file.

Game seed: 8105738868130157421

3145 sircluck the Grappler (level 9, -3/101 HPs)
             Began as a Troll Berserker on May 11, 2023.
             Was a High Priest of Trog.
             Succumbed to a swamp drake's noxious blast
             ... in the Dungeon (Sprint II: "The Violet Keep of Menkaure").
             The game lasted 00:04:27 (581 turns).

sircluck the Grappler (Troll Berserker)              Turns: 581, Time: 00:04:28

Health: -3/101     AC:  4    Str: 37    XL:     9   Next: 62%
Magic:  8/8        EV: 12    Int:  5    God:    Trog [*****.]
Gold:   311        SH:  0    Dex:  9    Spells: 8/8 levels left

rFire   + .          .
                       - Unarmed
rCold   . . .        (no shield)
rNeg    + . .        a - +0 animal skin
rPois   .            (helmet restricted)
rElec   .            (no cloak)
rCorr   .            (gloves unavailable)
SInv    .            (boots unavailable)
Will    .....        (no amulet)
Stlth   +            j - +6 ring of strength
HPRegen 1.16/turn    i - ring of Yesterday {Fly rF+ rN+ Int+2}
MPRegen 0.11/turn

%: no teleportation
@: confused, lethally poisoned (-3 -> -18), on berserk cooldown, flying, slowed,
very slow
A: large, unfitting armour, claws 3, regeneration 1, shaggy fur 1, tough skin 1
a: Renounce Religion, Berserk, Trog's Hand, Brothers in Arms


You were in the Dungeon.
You worshipped Trog.
Trog was extremely pleased with you.
You visited 1 branch You collected 1149 gold pieces.
You spent 838 gold pieces at shops.

Inventory:

Armour
 a - a +0 animal skin (worn)
Jewellery
 i - the ring of Yesterday (right claw) {Fly rF+ rN+ Int+2}
   (You bought it in a shop in the Dungeon)

   [ring of flight]

   Int:       It affects your intelligence (+2).
   rF:        It protects you from fire.
   rN:        It protects you from negative energy.
   Fly:       It grants you flight.
 j - a +6 ring of strength (left claw)
Scrolls
 g - a scroll of blinking
Potions
 d - a potion of haste
 e - 2 potions of magic
 h - a potion of degeneration {unknown}


   Skills:
 + Level 10.0 Fighting
 + Level 11.0 Dodging
 + Level 0.2 Stealth
 + Level 14.8 Unarmed Combat


You had 8 spell levels left.
You didn't know any spells.
Your spell library was empty.

Dungeon Overview and Level Annotations

Branches:
Dungeon (1/1)

Altars:
Cheibriados
Dithmenos
Elyvilon
Fedhas
Gozag
Kikubaaqudgha
Makhleb
Nemelex Xobeh
Okawaru
Sif Muna
Trog
Uskayaw
Vehumet
Zin
Jiyva
Lugonu

Shops:
D :=!=([:[:!(=*?!

Annotations:
D exclusions: oklob plant and orange crystal statue


Innate Abilities, Weirdness & Mutations

You are too large for most types of armour.
You have claws for hands.
Your natural rate of healing is unusually fast.
You are covered in fur. (AC +1)
You have tough skin. (AC +1)


Message History

You feel sick.
You miss the death drake.
The death drake is lightly wounded.
You are engulfed in noxious fumes.
You choke on the stench!
You are more confused.
You feel sick.
The death drake bites you but does no damage.
You're too confused to move!
You are engulfed in noxious fumes.
You choke on the stench!
You are more confused.
You feel sick. The death drake breathes miasma at you.
The foul vapour engulfs you!!
You are more poisoned.
You feel yourself slow down.
* * * LOW HITPOINT WARNING * * *
You barely miss the death drake.
The death drake is lightly wounded.
You are engulfed in noxious fumes.
* * * LOW HITPOINT WARNING * * *
You feel very sick.
The swamp drake bites you but does no damage.
The death drake bites you.
* * * LOW HITPOINT WARNING * * *
You bump into the stone wall.
* * * LOW HITPOINT WARNING * * *
You feel extremely sick. The death drake closely misses you.
The swamp drake breathes poison at you.
The noxious blast engulfs you but does no damage.
You are more poisoned.
The swamp drake barely misses you.
You bump into the stone wall.
You feel a strong urge to attack something.
You are engulfed in noxious fumes.
You choke on the stench!
You are more confused.
You are no longer berserk.
You are exhausted.
You feel as though you will be slow longer.
You die...

## ~## . ~~#+++#++ .. ~~....
... .. # ~~~.##+ #.. #. .#
~~~##.# #.#### +.##.# ~~~#..##
....# ^°.#### ~####..#
###..#####○.##.#
##.###'###.##..#@k○○○#..#
#.#.##.##.#.#..#kk#○^#..#
'###†.<.'##.'..####.^##)#
#.#.##.###..#....###...##▓▓▓
##.###'# #.##....§.~~~~~~~~~~~
†#####.#####~~....§~#+########
~~~#..#..#†~~~~~~..~#....._._#
'#~##.#.##~~~~~~§§.~#...._._.#
.#~~##'##~~~§≈≈§~~~~#..._._._#


You could see a death drake and 2 swamp drakes.

Vanquished Creatures
  A death drake (D)
  A yaktaur (D)
  3 polar bears (D)
  A hornet (D)
  A blink frog (D)
  2 wyverns (D)
  4 neqoxecs (D)
  2 redbacks (D)
  A water moccasin (D)
  4 scorpions (D)
  2 worms (D)
22 creatures vanquished.

Vanquished Creatures (others)
  Menkaure (D)
  A water moccasin (D)
2 creatures vanquished.

Grand Total: 24 creatures vanquished

Notes
Turn   | Place    | Note
-------+----------+-------------------------------------------
     0 | D        | sircluck the Troll Berserker began the quest for the Orb.
     0 | D        | Reached XP level 1. HP: 22/22 MP: 0/0
    23 | D        | Noticed a neqoxec
    30 | D        | Killed a neqoxec
    30 | D        | Reached ** piety under Trog
    31 | D        | Reached skill level 5 in Fighting
    31 | D        | Reached skill level 5 in Dodging
    31 | D        | Reached skill level 6 in Unarmed Combat
    31 | D        | Reached XP level 2. HP: 35/35 MP: 1/1
    31 | D        | Reached XP level 3. HP: 42/42 MP: 2/2
    31 | D        | Reached XP level 4. HP: 50/50 MP: 3/3
    38 | D        | Killed Menkaure
    72 | D        | Noticed a scorpion
    72 | D        | Noticed a scorpion
    75 | D        | Killed a scorpion
    76 | D        | Reached skill level 7 in Unarmed Combat
    76 | D        | Reached XP level 5. HP: 59/59 MP: 4/4
    83 | D        | Reached skill level 8 in Unarmed Combat
    83 | D        | Reached XP level 6. HP: 68/68 MP: 5/5
    83 | D        | Reached *** piety under Trog
   135 | D        | Noticed an orange crystal statue
   151 | D        | Noticed a neqoxec
   151 | D        | Noticed a neqoxec
   151 | D        | Noticed a neqoxec
   155 | D        | Killed a neqoxec
   156 | D        | Reached skill level 9 in Unarmed Combat
   156 | D        | Killed a neqoxec
   157 | D        | Reached skill level 10 in Unarmed Combat
   157 | D        | Reached XP level 7. HP: 78/78 MP: 6/6
   164 | D        | Killed a neqoxec
   189 | D        | Noticed a wyvern
   189 | D        | Noticed a wyvern
   192 | D        | Killed a wyvern
   192 | D        | Reached **** piety under Trog
   193 | D        | Reached skill level 11 in Unarmed Combat
   194 | D        | Killed a wyvern
   195 | D        | Reached XP level 8. HP: 88/88 MP: 7/7
   235 | D        | Found Niawkem's Distillery.
   235 | D        | Found Jutta's Book Emporium.
   235 | D        | Found Riminylo's Antique Weapon Shoppe.
   235 | D        | Found Waidin's Antique Armour Shoppe.
   235 | D        | Found Lupus's Jewellery Shoppe.
   235 | D        | Found Most's Jewellery Emporium.
   235 | D        | Found Ruoleso's Magic Scroll Shoppe.
   235 | D        | Found Hafylurph's Book Emporium.
   235 | D        | Found Womudew's Distillery.
   235 | D        | Found Oficiom's Antique Weapon Emporium.
   236 | D        | Found Yxe Yruu's Distillery.
   236 | D        | Found Kienk's Assorted Antiques.
   236 | D        | Found Bemuupse's Antique Armour Emporium.
   236 | D        | Found Acixkyck's Jewellery Emporium.
   238 | D        | Noticed a flying skull
   240 | D        | Noticed a flying skull
   241 | D        | Noticed a flying skull
   247 | D        | Noticed an oklob plant
   248 | D        | Found Pilok's Book Shoppe.
   249 | D        | Noticed a cane toad
   250 | D        | Noticed a cane toad
   282 | D        | Noticed a blink frog
   286 | D        | Killed a blink frog
   287 | D        | Reached skill level 12 in Unarmed Combat
   305 | D        | Bought the ring of Yesterday {Fly rF+ rN+ Int+2} for 478
                  | gold pieces
   306 | D        | Bought a +6 ring of strength for 360 gold pieces
   335 | D        | Found a snail-covered altar of Cheibriados.
   336 | D        | Found a shadowy altar of Dithmenos.
   336 | D        | Found a viscous altar of Jiyva.
   337 | D        | Found a white marble altar of Elyvilon.
   337 | D        | Found an ancient bone altar of Kikubaaqudgha.
   338 | D        | Found a blossoming altar of Fedhas.
   338 | D        | Found a corrupted altar of Lugonu.
   338 | D        | Found a shimmering blue altar of Sif Muna.
   339 | D        | Found an opulent altar of Gozag.
   339 | D        | Found a burning altar of Makhleb.
   339 | D        | Found a bloodstained altar of Trog.
   340 | D        | Found a sparkling altar of Nemelex Xobeh.
   340 | D        | Found a hide-covered altar of Uskayaw.
   342 | D        | Found an iron altar of Okawaru.
   342 | D        | Found a radiant altar of Vehumet.
   342 | D        | Found a glowing silver altar of Zin.
   343 | D        | Noticed a yaktaur
   343 | D        | Noticed a hornet
   343 | D        | Noticed a polar bear
   343 | D        | Noticed a polar bear
   346 | D        | Killed a polar bear
   348 | D        | Killed a polar bear
   348 | D        | Reached ***** piety under Trog
   348 | D        | Noticed a polar bear
   351 | D        | Killed a hornet
   352 | D        | Reached skill level 10 in Dodging
   352 | D        | Reached skill level 13 in Unarmed Combat
   353 | D        | Killed a yaktaur
   354 | D        | Reached XP level 9. HP: 100/100 MP: 8/8
   356 | D        | Killed a polar bear
   417 | D        | Reached skill level 14 in Unarmed Combat
   479 | D        | Noticed a death drake
   549 | D        | Noticed a death drake
   567 | D        | Killed a death drake
   568 | D        | Reached skill level 10 in Fighting
   580 | D        | HP: 3/151 [poisoned by a death drake (foul vapour)]
   581 | D        | Succumbed to a swamp drake's noxious blast

Illustrated notes

Levels and vault maps discovered:
D:        the_violet_keep_of_menkaure [sprint2_stairs_cluster_1,
          sprint2_shoproom, sprint2_temple, sprint2_basic_supplies,
          sprint2_obstacle_4, sprint2_obstacle_3, sprint2_obstacle_1,
          sprint2_obstacle_6, sprint2_obstacle_5, sprint2_timed_cluster_1,
          sprint2_smallroom_cluster_1, sprint2_smallroom_final_cluster_1,
          sprint2_transparent_cluster_1, sprint2_second_timed_cluster_1,
          sprint2_sniper_area_1, sprint2_heavy_combat_area_1,
          sprint2_mutation_trap_area_1, sprint2_forest_area_1,
          sprint2_light_combat_area_1, sprint2_behind_water_1,
          sprint2_near_end_vault_1]

Skill      XL: |  1  2  3  4  5  6  7  8  9 |
---------------+----------------------------+-----
Fighting       | 5 6 7 8 9 10 | 10.0
Dodging        | 5 6 8 9 10 11 | 11.0
Unarmed Combat | 6 7 8 10 11 13 14 | 14.8
Stealth        | |  0.2

Action                     |  1- 3 |  4- 6 |  7- 9 || total
---------------------------+-------+-------+-------++-------
  Melee: Unarmed           |     9 |    12 |    50 ||    71
         Punch             |       |       |     2 ||     2
 Invoke: Berserk           |     1 |     2 |     2 ||     5
    Use: Potion            |       |       |     3 ||     3
 Armour: Animal skin       |       |     1 |     9 ||    10
  Dodge: Dodged            |     4 |     4 |    33 ||    41

Table legend: (Time is in decaauts)
 A = Elapsed time spent in this place.
 B = Non-inter-level travel time spent in this place.
 C = Inter-level travel time spent in this place.
 D = Time resting spent in this place.
 E = Time spent auto-exploring this place.
 F = Levels seen in this place.
 G = Mean time per level.
                   A        B        C        D        E       F      G
               +--------+--------+--------+--------+--------+-----+--------+
         Total |    604 |    553 |     51 |    334 |     42 |   1 |  604.0 |
       Dungeon |    604 |    553 |     51 |    334 |     42 |   1 |  604.0 |
               +--------+--------+--------+--------+--------+-----+--------+

Top non-repeatable levels by time:
       D: 604 daAuts
